AoeStats
← 从不压堡之人

Arena

509092619Analyzed
4v4 RM · 6d ago on Sep 25, 2026· 55m 1s· 8 players
Game mode
Random Map
Map size
Large (8 player)
Population
200
Speed
Normal
Resources
Standard
Victory
Conquest
Starting age
Dark Age
Ending age
Imperial Age
RankedLock teamsTeams togetherTeam positionsShared explorationLock speedFull tech treeHidden civsTurbo modeCheats
Victory
Defeat
🇨🇳 Bohemians · China
1123
+14
🇨🇳 Turks · China
1116
+14
🇨🇳 Spanish · China
1116
+14
969
+20
🇨🇳 Italians · China
1114
-17
🇨🇳 Varangians · China
1111
-17
🇨🇳 Burgundians · China
1043
-14
🇨🇳 Spanish · China
1029
-14
Dio
9:47 Feudal Age
13:48 Castle Age
12:15 Double-Bit Axe
12:51 Horse Collar
19:31 Loom
20:39 Gold Mining
21:38 Stone Mining
22:44 Heavy Plow
23:13 Bow Saw
26:19 Stone Shaft Mining
26:51 Wheelbarrow
29:26 Imperial Age
27:55 Hand Cart
28:02 Loom
29:51 Forging
29:46 Scale Barding Armor
29:26 Treadmill Crane
29:57 Bloodlines
29:47 Husbandry
29:30 Capped Ram
30:56 Conscription
29:57 Elite Jarl
31:52 Iron Casting
31:37 Chain Barding Armor
34:13 Blast Furnace
34:27 Plate Barding Armor
34:01 Siege Ram
35:02 Fortified Wall
37:48 Two-Man Saw
37:20 Crop Rotation
37:01 Vendel Legacy
37:12 Cavalier
42:17 Fletching
42:27 Padded Archer Armor
43:53 Ballistics
43:25 Elite Skirmisher
45:49 Chemistry
44:46 Bodkin Arrow
45:06 Leather Archer Armor
46:49 Bracer
47:20 Ring Archer Armor
48:43 Light Cavalry
48:49 Light Cavalry
50:40 Siege Engineers
50:47 Careening
50:15 Hussar
怀草诗
3:11 Double-Bit Axe
8:15 Horse Collar
11:34 Feudal Age
16:05 Castle Age
14:25 Bow Saw
16:18 Heavy Plow
17:42 Wheelbarrow
16:30 Light Cavalry
17:11 Husbandry
23:52 Gold Mining
25:11 Hand Cart
24:41 Loom
25:54 Town Watch
27:41 Gold Shaft Mining
26:58 Stone Mining
29:40 Imperial Age
27:28 Treadmill Crane
29:48 Scale Barding Armor
29:53 Forging
30:44 Guilds
31:02 Chain Barding Armor
31:22 Stone Shaft Mining
31:04 Town Patrol
30:53 Elite Coustillier
31:53 Conscription
32:15 Iron Casting
33:42 Plate Barding Armor
34:12 Blast Furnace
34:46 Ballistics
35:27 Chemistry
37:05 Burgundian Vineyards
37:35 Hoardings
36:53 Fletching
37:04 Scale Mail Armor
37:05 Padded Archer Armor
37:23 Fortified Wall
39:17 Crop Rotation
39:03 Bodkin Arrow
41:03 Bracer
41:27 Masonry
43:51 Leather Archer Armor
44:14 Caravan
44:45 Coinage
55:15 Squires
55:32 Chain Mail Armor
夏威
10:33 Feudal Age
10:23 Loom
14:44 Castle Age
13:43 Double-Bit Axe
15:06 Stone Mining
15:08 Gold Mining
30:47 Scale Barding Armor
32:49 Stone Shaft Mining
36:28 Chain Barding Armor
36:21 Forging
36:13 Husbandry
36:24 Bloodlines
39:13 Imperial Age
38:08 Stone Shaft Mining
37:17 Horse Collar
37:48 Bow Saw
38:58 Iron Casting
39:36 Fortified Wall
39:31 Cavalier
41:56 Blast Furnace
42:26 Conscription
43:03 Gambesons
43:18 Squires
42:38 Pikeman
43:55 Plate Barding Armor
43:21 Scale Mail Armor
44:57 Padded Archer Armor
44:47 Fletching
45:11 Elite Skirmisher
47:03 Two-Man Saw
46:18 Paladin
47:27 Ballistics
47:02 Guard Tower
47:27 Thumb Ring
48:49 Chain Mail Armor
51:19 Plate Mail Armor
54:54 Chemistry
54:20 Light Cavalry
Franxx
10:38 Feudal Age
14:22 Castle Age
12:47 Double-Bit Axe
13:36 Gold Mining
15:56 Horse Collar
16:28 Loom
17:39 Fletching
20:23 Bow Saw
21:42 Heavy Plow
22:09 Treadmill Crane
24:51 Town Watch
25:58 Wheelbarrow
25:51 Stone Mining
29:31 Stone Shaft Mining
32:21 Imperial Age
30:47 Bodkin Arrow
30:53 Padded Archer Armor
31:34 Squires
31:54 Masonry
32:05 Ballistics
33:05 Bracer
33:20 Leather Archer Armor
33:51 Hand Cart
33:11 Elite Skirmisher
34:08 Thumb Ring
35:20 Chemistry
35:57 Ring Archer Armor
36:10 Forging
36:01 Scale Mail Armor
39:07 Conscription
39:38 Iron Casting
39:08 Scale Barding Armor
39:19 Chain Mail Armor
38:57 Arson
39:42 Town Patrol
41:24 Two-Man Saw
41:03 Crop Rotation
42:04 Blast Furnace
42:51 Pirotechnia
45:01 Plate Mail Armor
46:32 Hoardings
45:20 Pikeman
50:00 Capped Ram
51:36 Onager
52:32 Caravan
52:55 Silk Road
从不压堡之人
11:02 Feudal Age
15:11 Castle Age
13:22 Double-Bit Axe
13:41 Horse Collar
16:40 Wheelbarrow
16:28 Bow Saw
18:22 Loom
29:32 Imperial Age
30:18 Caravan
32:09 Hand Cart
33:33 Padded Archer Armor
33:48 Husbandry
33:58 Bloodlines
34:52 Gold Mining
34:52 Stone Mining
35:32 Town Watch
36:51 Redemption
36:54 Guilds
38:22 Chemistry
37:44 Ballistics
37:50 Conscription
37:34 Inquisition
38:42 Two-Man Saw
38:55 Stone Shaft Mining
38:25 Town Patrol
39:08 Leather Archer Armor
38:57 Fletching
40:44 Sanctity
40:40 Block Printing
41:00 Theocracy
40:50 Illumination
40:36 Fervor
41:00 Ring Archer Armor
40:37 Scale Barding Armor
42:27 Murder Holes
42:18 Arrowslits
43:06 Supremacy
43:49 Guard Tower
44:10 Masonry
44:14 Fortified Wall
44:13 Bodkin Arrow
45:42 Elite Conquistador
46:28 Bracer
47:20 Keep
47:21 Chain Barding Armor
51:19 Plate Barding Armor
50:54 Forging
洗心革面重新做人TownYan
9:51 Feudal Age
10:35 Double-Bit Axe
13:35 Castle Age
11:22 Horse Collar
18:21 Loom
20:59 Wheelbarrow
21:06 Stone Mining
23:10 Hand Cart
23:14 Town Watch
23:35 Gold Mining
27:32 Imperial Age
25:18 Treadmill Crane
25:49 Fortified Wall
27:13 Fletching
27:23 Padded Archer Armor
27:37 Masonry
27:48 Ballistics
27:35 Caravan
29:24 Chemistry
28:46 Ballistics
28:23 Bodkin Arrow
29:36 Conscription
29:36 Bow Saw
29:27 Heavy Plow
29:41 Bracer
30:12 Architecture
30:27 Pirotechnia
30:43 Silk Road
30:59 Hoardings
30:57 Guilds
31:41 Hoardings
31:16 Pirotechnia
32:18 Stone Shaft Mining
32:00 Leather Archer Armor
34:34 Ring Archer Armor
33:28 Elite Genoese Crossbowman
34:27 Town Patrol
35:57 Two-Man Saw
35:28 Crop Rotation
48:59 Scale Barding Armor
49:05 Forging
50:05 Chain Barding Armor
51:18 Husbandry
51:28 Bloodlines
52:11 Plate Barding Armor
52:11 Iron Casting
50:58 Cavalier
55:43 Blast Furnace
我不是蓝精灵
10:49 Feudal Age
14:25 Castle Age
12:43 Double-Bit Axe
12:56 Horse Collar
14:43 Wheelbarrow
15:22 Heavy Plow
15:43 Bow Saw
17:33 Fervor
18:16 Loom
23:10 Chemistry
22:52 Town Watch
24:38 Hand Cart
28:18 Imperial Age
26:27 Padded Archer Armor
28:30 Fortified Wall
29:37 Leather Archer Armor
29:47 Wagenburg Tactics
30:04 Conscription
31:43 Two-Man Saw
30:47 Devotion
32:16 Ring Archer Armor
31:38 Fletching
32:20 Illumination
34:04 Caravan
35:11 Theocracy
34:32 Herbal Medicine
34:53 Block Printing
34:49 Redemption
35:00 Sanctity
36:24 Atonement
36:29 Elite Hussite Wagon
38:38 Siege Engineers
38:31 Murder Holes
39:07 Hussite Reforms
38:46 Houfnice
41:45 Faith
52:37 Sappers
53:33 Heresy
LLK是给
10:56 Feudal Age
11:56 Double-Bit Axe
14:51 Castle Age
13:04 Horse Collar
16:55 Heavy Plow
18:00 Wheelbarrow
19:39 Bow Saw
20:10 Gold Mining
21:40 Gold Shaft Mining
22:22 Hand Cart
21:53 Loom
23:52 Town Watch
24:05 Stone Mining
27:08 Imperial Age
26:04 Scale Barding Armor
26:09 Forging
27:38 Chain Barding Armor
28:13 Iron Casting
28:00 Bloodlines
27:51 Husbandry
30:22 Plate Barding Armor
31:34 Blast Furnace
30:54 Padded Archer Armor
33:20 Conscription
33:00 Artillery
34:44 Two-Man Saw
36:05 Fletching
36:31 Leather Archer Armor
37:00 Bombard Tower
37:41 Caravan
38:22 Heavy Cavalry Archer
39:27 Parthian Tactics
39:08 Thumb Ring
39:01 Bodkin Arrow
39:36 Ring Archer Armor
39:30 Ballistics
38:51 Treadmill Crane
39:32 Sipahi
42:24 Masonry
42:24 Clinker Construction
42:27 Careening
42:15 Murder Holes
44:00 Bracer
47:18 Coinage
46:59 Guilds
48:38 Heavy Camel Rider
48:39 Cavalier
53:51 Banking
55:01 Architecture
Connection lost

Rejoining the realm…

Still unreachable

The connection could not be restored.

Session expired

The server has moved on; the page needs a fresh start.